 Dungeon Crawl Stone Soup version 0.18-a0-1225-g5d63bca (webtiles) character file.

2797 ololoev the Destroyer (level 9, -5/40 HPs)
             Began as a Deep Elf Fire Elementalist on Feb 3, 2016.
             Was a Follower of Sif Muna.
             Hit by a large rock thrown by a cyclops (45 damage)
             ... on level 8 of the Dungeon.
             The game lasted 00:35:08 (3040 turns).

ololoev the Destroyer (Deep Elf Fire Elementalist)  Turns: 3040, Time: 00:35:08

Health: -5/40      AC: 11    Str:  7    XL:     9   Next: 43%
Magic:  32/32      EV: 10    Int: 24    God:    Sif Muna [*.....]
Gold:   209        SH:  0    Dex: 17    Spells: 5 memorised, 8 levels left

rFire  + + .     SeeInvis .     a - +1 short sword (venom)
rCold  . . .     Gourm    .     v - +5 ring mail of the Salmon {rF++ Str+4}
rNeg   . . .     Faith    .     (no shield)
rPois  .         Spirit   .     (no helmet)
rElec  .         Dismiss  .     (no cloak)
rCorr  .         Reflect  .     l - +0 pair of gloves
SustAt .         Harm     .     (no boots)
MR     ++...     Clarity  +     p - amulet of regeneration
Stlth  ++........               i - ring of wizardry
                                g - ring of magical power

@: very resistant to hostile enchantments, unstealthy
A: agile 1, clarity, frail 1, magic resistance 2, weak 1
a: Channel Energy, Renounce Religion


Innate Abilities, Weirdness & Mutations

You are agile. (Dex +2)
You possess an exceptional clarity of mind.
You are frail (-10% HP).
You are highly resistant to hostile enchantments.
You are weak. (Str -2)

Inventory:

Hand Weapons
 a - a +1 short sword of venom (weapon)
Armour
 l - a +0 pair of gloves (worn)
 v - the +5 ring mail of the Salmon (worn) {rF++ Str+4}
   (You found it on level 4 of the Dungeon)

   It affects your strength (+4).
   It greatly protects you from fire.
 B - a +0 robe
Jewellery
 g - a ring of magical power (left hand)
 i - a ring of wizardry (right hand)
 p - an amulet of regeneration (around neck)
Wands
 k - a wand of iceblast (13/15)
 w - a wand of confusion (33/48)
 A - a wand of teleportation (1/9)
Scrolls
 e - 3 scrolls of enchant weapon {unknown}
 f - 4 scrolls of amnesia
 h - 2 scrolls of enchant armour {unknown}
 j - a scroll of recharging {unknown}
 m - 2 scrolls of teleportation
 n - a scroll of fear
 s - 2 scrolls of noise {unknown}
 x - a scroll of random uselessness {unknown}
 y - 2 scrolls of remove curse {unknown}
Potions
 o - 3 potions of curing
 q - a potion of heal wounds {unknown}
 t - a potion of agility
 u - a potion of ambrosia
 z - 2 potions of haste
Books
 b - a book of Flames

   Spells                             Type                      Level
   a - Flame Tongue                   Conjuration/Fire             1
   b - Throw Flame                    Conjuration/Fire             2
   c - Conjure Flame                  Conjuration/Fire             3
   d - Inner Flame                    Hexes/Fire                   3
   e - Sticky Flame                   Conjuration/Fire             4
   f - Fireball                       Conjuration/Fire             5
Comestibles
 c - 3 bread rations
 d - 7 meat rations
 r - 2 slices of pizza
 C - 2 chunks of flesh


   Skills:
 + Level 2.4 Armour
 - Level 2.4 Dodging
 - Level 2.4 Stealth
 + Level 8.1 Spellcasting
 * Level 9.1 Conjurations
 * Level 8.2 Fire Magic
 * Level 3.3 Invocations


You had 8 spell levels left.
You knew the following spells:

 Your Spells              Type           Power        Failure   Level  Hunger
a - Flame Tongue          Conj/Fire      #####        1%          1    None
b - Conjure Flame         Conj/Fire      ######..     1%          3    None
c - Sticky Flame          Conj/Fire      ######..     3%          4    ##.....
d - Fireball              Conj/Fire      ######....   7%          5    #####..
e - Inner Flame           Hex/Fire       ####....     6%          3    None


You were on level 8 of the Dungeon.
You worshipped Sif Muna.
Sif Muna was aware of your devotion.
You were not hungry.

You visited 2 branches of the dungeon, and saw 10 of its levels.

You collected 209 gold pieces.

...##.# #.#
....#<# #.#
...##.# #.#
....#.######.###
#####
#.#............#
##.....
#.###.########.#
......# #.....#
#.##..C..#
#.#####
#.#......# .(#
#..@...# #.#
######## #.# #.#
###### #.#
#....####
..###.......#
...##..#.##.####
....#..#.##....#
.....†.#.#...###

Notes
Turn   | Place    | Note
--------------------------------------------------------------
     0 | D:1      | ololoev the Deep Elf Fire Elementalist began the quest for the Orb.
     0 | D:1      | Reached XP level 1. HP: 10/10 MP: 6/6
    20 | D:1      | Noticed an electric eel
   227 | D:1      | Reached XP level 2. HP: 15/15 MP: 6/8
   370 | D:3      | Noticed a scorpion
   420 | D:2      | Reached XP level 3. HP: 15/19 MP: 9/9
   425 | D:2      | Learned a level 3 spell: Conjure Flame
   429 | D:2      | Learned a level 3 spell: Inner Flame
   649 | D:3      | Reached skill level 4 in Fire Magic
   649 | D:3      | Reached XP level 4. HP: 20/24 MP: 8/11
   734 | D:4      | Noticed a big kobold
   739 | D:4      | Noticed Natasha
   747 | D:4      | Killed a big kobold
   747 | D:4      | Reached XP level 5. HP: 26/28 MP: 11/13
   748 | D:4      | Killed Natasha
   913 | D:4      | Noticed an ogre
   938 | D:4      | Noticed a mottled dragon
   938 | D:4      | an ogre changed into a mottled dragon
   941 | D:4      | Noticed Natasha
   945 | D:4      | Killed Natasha
   955 | D:4      | Learned a level 4 spell: Sticky Flame
   990 | D:5      | Entered Level 5 of the Dungeon
  1031 | D:4      | Noticed Natasha
  1038 | D:4      | Killed Natasha
  1048 | D:4      | Got a twisted ring mail
  1049 | D:4      | Identified the +5 ring mail of the Salmon {rF++ Str+4} (You found it on level 4 of the Dungeon)
  1154 | D:5      | Reached XP level 6. HP: 32/32 MP: 15/15
  1156 | D:5      | Reached skill level 5 in Fire Magic
  1231 | D:4      | Noticed Blork the orc
  1239 | D:4      | Killed Blork the orc
  1239 | D:4      | Reached skill level 5 in Conjurations
  1289 | D:5      | Reached skill level 5 in Spellcasting
  1298 | D:5      | Noticed a sky beast
  1326 | D:5      | Killed a sky beast
  1326 | D:5      | Reached XP level 7. HP: 36/36 MP: 3/16
  1345 | D:5      | Reached skill level 6 in Conjurations
  1443 | D:5      | Gained mutation: You are frail (-10% HP). [mutagenic meat]
  1444 | D:5      | Gained mutation: You are agile. (Dex +2) [mutagenic meat]
  1445 | D:5      | Gained mutation: You are weak. (Str -2) [mutagenic meat]
  1446 | D:5      | Gained mutation: You are very frail (-20% HP). [mutagenic meat]
  1447 | D:5      | Gained mutation: Your magical capacity is low (-10% MP). [mutagenic meat]
  1479 | D:5      | Noticed Pikel
  1515 | D:5      | Killed Pikel
  1515 | D:5      | Reached skill level 7 in Conjurations
  1515 | D:5      | Reached XP level 8. HP: 32/32 MP: 18/18
  1621 | D:6      | Learned a level 5 spell: Fireball
  1958 | D:6      | Found an iron altar of Okawaru.
  1960 | D:6      | Reached skill level 8 in Conjurations
  2033 | D:6      | Found a staircase to the Ecumenical Temple.
  2042 | Temple   | Entered the Ecumenical Temple
  2046 | Temple   | Became a worshipper of Sif Muna the Loreminder
  2104 | D:5      | Noticed Duvessa
  2104 | D:5      | Noticed Dowan
  2116 | D:5      | Killed Duvessa
  2116 | D:5      | Reached skill level 1 in Armour
  2120 | D:5      | Killed Dowan
  2186 | D:6      | Found Guxtuhomyt's Weapon Shop.
  2204 | D:6      | Reached skill level 1 in Invocations
  2403 | D:7      | Lost mutation: Your magical capacity is low (-10% MP). [mutagenic meat]
  2404 | D:7      | Gained mutation: You are resistant to hostile enchantments. [mutagenic meat]
  2405 | D:7      | Lost mutation: You are very frail (-20% HP). [mutagenic meat]
  2406 | D:7      | Gained mutation: You possess an exceptional clarity of mind. [mutagenic meat]
  2407 | D:7      | Gained mutation: You are highly resistant to hostile enchantments. [mutagenic meat]
  2432 | D:7      | Reached XP level 9. HP: 40/40 MP: 6/22
  2472 | D:7      | You fall through a shaft for 2 floors!
  2485 | D:8      | Reached * piety under Sif Muna
  2706 | D:8      | Reached skill level 9 in Conjurations
  3039 | D:8      | Noticed a cyclops
  3040 | D:8      | Hit by a large rock thrown by a cyclops

Dungeon Overview and Level Annotations

Branches:
Dungeon (9/15)             Temple (1/1) D:6
   Lair: D:8-11         Orc: D:9-12

Altars:
Fedhas
Makhleb
Okawaru
Sif Muna
Yredelemnul

Shops:
D:6 (


Message History

Casting: Flame Tongue
Confirm with . or Enter, or press ? or * to list all spells.
Aiming: Sticky Flame
Press: ? - help, Shift-Dir - straight line, f/p - scorpion
Aim: a scorpion (heavily wounded)
The sticky flame hits the scorpion.
The scorpion is almost dead.
The scorpion is covered in liquid flames!
The scorpion burns!
You kill the scorpion!
You now have 209 gold pieces (gained 8).
You see here a mace.
Things that are here:
a robe; a dagger; a flail
Things that are here:
a robe; a dagger; a flail You see here a mace.
You are feeling very hungry.
Eat which item? (? for menu, Esc to quit)
You continue eating. x2
You finish eating.
That bread ration really hit the spot!
(D) Dungeon (T) Temple
Where to? (Enter - D:8 @ (x,y), ? - help)
A giant gecko comes into view.
Casting: Sticky Flame
Confirm with . or Enter, or press ? or * to list all spells.
Aiming: Flame Tongue
Press: ? - help, Shift-Dir - straight line, f - giant gecko
Aim: a giant gecko (clinging, resting)
The flame tongue hits the giant gecko.
You kill the giant gecko!
You see here a giant gecko corpse.
You butcher the giant gecko corpse.
C - 2 chunks of flesh
Found 14 stones.
Found a stone staircase leading up.
A cyclops comes into view.
The cyclops shouts!
The cyclops throws a large rock.
The large rock hits you!!!
Ouch! That really hurt!
You die...

You could see a cyclops.

Vanquished Creatures
  Pikel (D:5)
  Duvessa (D:5)
  2 orc warriors
  3 slaves (D:5)
  An ogre (D:5)
  3 sky beasts
  A phantom (D:8)
  2 centaurs
  A giant frog (D:6)
  A big kobold (D:4)
  Blork the orc (D:4)
  Dowan (D:5)
  2 scorpions
  4 killer bees (D:8)
  3 wights (D:8)
  5 orc priests
  6 orc wizards
  A hound (D:5)
  2 jellies
  A centaur skeleton (D:5)
  A giant frog skeleton (D:9)
  Natasha (thrice) (D:4)
  3 iguanas
  2 worker ants (D:5)
  4 adders
  A gnoll (D:5)
  2 oozes (D:2)
  An adder skeleton (D:4)
  4 worms
  5 giant geckos
  14 orcs
  A ball python (D:2)
  9 goblins
  3 hobgoblins
  A jackal (D:5)
  2 quokkas
  5 bats
  2 giant newts
  6 kobolds
  A quokka skeleton (D:7)
  A quokka zombie (D:8)
  3 rats
116 creatures vanquished.

Vanquished Creatures (others)
  A slave (D:5)
  A hound (D:5)
  An orc (D:5)
  A quokka (D:5)
  A quokka skeleton (D:5)
5 creatures vanquished.

Grand Total: 121 creatures vanquished

Action                   |  1- 3 |  4- 6 |  7- 9 || total
-------------------------+-------+-------+-------++-------
Melee: Whip              |     9 |     6 |    11 ||    26
       Short sword       |       |       |     5 ||     5
 Cast: Flame Tongue      |    43 |    47 |   101 ||   191
       Inner Flame       |     2 |     3 |     7 ||    12
       Conjure Flame     |     1 |     3 |    11 ||    15
       Sticky Flame      |       |     6 |    15 ||    21
       Fireball          |       |       |     7 ||     7
Invok: Channel Energy    |       |       |    30 ||    30
Evoke: Wand              |     1 |     8 |       ||     9
  Use: Scroll            |       |     6 |     3 ||     9
       Potion            |       |     1 |     2 ||     3
 Stab: Sleeping          |     1 |     1 |     1 ||     3
  Eat: Chunk             |       |     3 |    21 ||    24
       Fruit             |       |       |     1 ||     1
       Bread ration      |       |       |     1 ||     1

Vault maps used:
D:1:      arrival_aquarium_a, st_stairs_5
D:2:      first_bread
D:3:      minmay_overflow_temple_star_hex
D:4:      kennysheep_the_goblin_king, kennysheep_mini_moat,
          nicolae_ru_the_path_less_chosen, uniq_crazy_yiuf_cottage,
          uniq_blork_the_orc, uniq_natasha
D:5:      forest_paths, minitemple, nemelex_lonely_heart_becter, uniq_pikel,
          uniq_duvessa
D:6:      minmay_temple_entry_mist, serial_shops,
          nicolae_shop_competitors_out_of_business, grunt_decor_clamped,
          okawaru_gym_becter
D:7:      mrwooster_statue_mirror, grunt_ogre_cave, lemuel_centaur_altar
D:8:      minmay_opposing_rooms
D:9:      serial_shops, shop
Temple:   triangle_lava_temple_11
